 Dungeon Crawl Stone Soup version 0.29.1-15-g9cfb28693d (webtiles) character file.

Game seed: 17857784429055547456

77826 KamiKatze the Severer (level 15, -6/145 HPs)
             Began as a Gargoyle Berserker on Feb 24, 2023.
             Was a High Priest of Trog.
             Mangled by a large abomination (8 damage)
             ... on level 3 of the Abyss on Feb 25, 2023.
             The game lasted 01:28:38 (20682 turns).

KamiKatze the Severer (Gargoyle Berserker)         Turns: 20682, Time: 01:28:39

Health: -6/145     AC: 38    Str: 28    XL:     15   Next: 58%
Magic:  13/13      EV:  9    Int:  8    God:    Trog [*****.]
Gold:   1902       SH:  5    Dex:  7    Spells: 14/14 levels left

rFire   . . .      SeeInvis +   a - +8 broad axe (vorpal)
rCold   + + .      Faith    .   j - +0 buckler {rC+}
rNeg    + . .      Spirit   .   s - +2 plate armour of Negation {rElec rC+ Stlth+}
rPois   ∞          Reflect  .   Q - +1 helmet
rElec   +          Harm     .   v - +0 cloak
rCorr   .          Rampage  .   u - +2 pair of gloves
Will    ++++.                   T - +1 pair of boots
Stlth   ..........              (no amulet)
HPRegen 1.34/turn               k - ring of willpower
MPRegen 0.13/turn               q - ring of see invisible

@: berserking, about to teleport, strong-willed, flying, regenerating, very
quick
A: sickness immunity, AC +11, big wings, negative energy resistance 1,
electricity resistance, torment resistance 1, petrification resistance, clumsy
1, low MP 1, no potion heal 1
a: Renounce Religion, Berserk, Trog's Hand, Brothers in Arms


You were on level 3 of the Abyss.
You worshipped Trog.
Trog was extremely pleased with you.
You visited 4 branches of the dungeon, and saw 20 of its levels.
You visited the Abyss 1 time.

You collected 2340 gold pieces.
You spent 438 gold pieces at shops.

Inventory:

Hand Weapons
 a - a +8 vorpal broad axe (weapon)
 e - a +1 broad axe of electrocution
 h - a +4 antimagic broad axe
 w - a +5 executioner's axe of flaming
Missiles
 l - 28 poisoned darts (quivered)
 m - 2 throwing nets
 G - 4 curare-tipped darts
Armour
 j - a +0 buckler of cold resistance (worn)
 s - the +2 plate armour of Negation (worn) {rElec rC+ Stlth+}
   (You found it on level 5 of the Lair of Beasts)

   rC:        It protects you from cold.
   rElec:     It insulates you from electricity.
   Stlth:     It makes you more stealthy.
 u - a +2 pair of gloves (worn)
 v - a +0 cloak (worn)
 F - a +0 tower shield
 Q - a +1 helmet (worn)
 T - a +1 pair of boots (worn)
Jewellery
 k - a ring of willpower (left hand)
 q - a ring of see invisible (right hand)
 x - a +6 ring of strength
 y - a +4 ring of protection
 H - a +6 ring of dexterity
 I - a ring of ice
 S - a ring of ice
Wands
 b - a wand of paralysis (1)
 i - a wand of light (2)
 p - a wand of mindburst (12)
 z - a wand of flame (40)
 K - a wand of polymorph (3)
 L - a wand of roots (17)
Scrolls
 c - 2 scrolls of magic mapping
 o - 8 scrolls of teleportation
 t - 3 scrolls of fog
 A - a scroll of enchant armour
 B - 3 scrolls of enchant weapon
 E - a scroll of acquirement
 O - 2 scrolls of identify
Potions
 d - 9 potions of curing
 f - 2 potions of cancellation
 g - 8 potions of lignification
 n - 5 potions of resistance
 C - 2 potions of mutation
 D - 4 potions of might
 J - a potion of magic
 N - 5 potions of haste
 R - 5 potions of attraction
Miscellaneous
 r - a tin of tremorstones (1/2)
 M - a phantom mirror
 P - a condenser vane


   Skills:
 + Level 12.6 Fighting
 * Level 16.9 Axes
 + Level 1.1 Throwing
 + Level 12.2 Armour
 + Level 9.4 Dodging
 * Level 7.5 Shields
 - Level 3.0 Evocations


You had 14 spell levels left.
You didn't know any spells.
Your spell library was empty.

Dungeon Overview and Level Annotations

Branches:
Dungeon (13/15)            Temple (1/1) D:7            Lair (5/5) D:8
 Shoals (0/4) Lair:2        Snake (0/4) Lair:3        Slime (0/5) Lair:5
    Orc (1/2) D:12
 Vaults: D:13-14

Altars:
Ashenzari
Cheibriados
Dithmenos
Elyvilon
Fedhas
Gozag
Hepliaklqana
Kikubaaqudgha
Makhleb
Nemelex Xobeh
Okawaru
Qazlal
Ru
Sif Muna
Trog
Uskayaw
Vehumet
Wu Jian
Xom
Yredelemnul
Zin
The Shining One

Shops:
D:2 =   D:5 !   D:6 ?   D:10 !   D:12 !=

Annotations:
D:13 Rupert
Lair:1 3 runed translucent doors, exclusion: 3 doors, Goreval's ghost, journeyman DEFE
Lair:2 3 runed translucent doors, exclusion: 3 doors, Eitelfritz's ghost, journeyman MiGl
Orc:1 Harold


Innate Abilities, Weirdness & Mutations

You are immune to sickness and miasma.
Your stone body is resilient. (AC +11)
You are immune to poison.
Your large and strong wings let you fly.
You resist negative energy. (rN+)
You are resistant to electric shocks. (rElec)
You are resistant to unholy torment.
You are immune to petrification.
You are clumsy. (Dex -2)
Your magical capacity is low. (-10% MP)
Potions are less effective at restoring your health.


Message History

Strange energies course through your body.
You feel less energetic.
The starcursed mass touches you but does no damage.
A starcursed mass splits.
The rakshasa hits you but does no damage.
The starcursed mass touches you but does no damage.
A deafening chorus of shrieks assaults your mind!
* * * LOW HITPOINT WARNING * * *
You can move again.
Unknown command.
You carve the starcursed mass like a ham!!!
You destroy the starcursed mass!
The starcursed mass shimmers and vanishes!
You slash the shining eye!
You kill the shining eye!
Trog accepts your kill.
You slash the rakshasa! You slice the starcursed mass!!
You destroy the starcursed mass!
The starcursed mass shimmers and vanishes!
You slash the starcursed mass!
You destroy the starcursed mass!
The starcursed mass shimmers and vanishes!
You hit the large abomination. You hit the starcursed mass.
You destroy the starcursed mass!
The starcursed mass shimmers and vanishes!
You hit the rakshasa but do no damage. The rakshasa gestures at you.
The lance of force hits you but does no damage.
A starcursed mass splits.
A chorus of shrieks assaults your mind.
* * * LOW HITPOINT WARNING * * *
Unknown command.
You are too berserk!
You are too berserk!
You are too berserk!
Unknown command.
You hit the large abomination.
The large abomination is lightly damaged.
You slash the rakshasa! The large abomination hits you!
You die...

# . .##. X
#..# ##♣≈
X.# #..
.3##..
..#####X#X#
....wX..XX#
########@#
#†)....R.#
#.########
.# †# .. #


You could see 4 starcursed masses, a tentacled starspawn, a rakshasa, a large
abomination, a smoke demon and a starspawn tentacle.

Vanquished Creatures
  Gastronok (Lair:1)
  A tentacled starspawn (Abyss:3)
  A fire dragon (Lair:1)
  A rakshasa (Abyss:3)
  5 hydras
  2 vault guards
  Fannar (Lair:1)
  A boulder beetle (D:12)
  A centaur warrior (D:12)
  2 catoblepae (Lair:1)
  2 tengu warriors
  4 two-headed ogres
  12 death yaks
  Urug (Lair:1)
  4 skeletal warriors
  A wretched star (Abyss:3)
  A goliath frog (Lair:5)
  2 large abominations (Abyss:3)
  2 orc knights
  2 deep elf pyromancers
  2 ugly things
  2 manticores
  A shining eye (Abyss:3)
  3 black mambas
  5 cyclopes
  A stone giant skeleton (Abyss:3)
  A merfolk siren (Lair:2)
  11 elephants (Lair:5)
  Maurice (D:9)
  22 cane toads
  A rime drake (shapeshifter) (D:12)
  A yaktaur (shapeshifter) (D:9)
  3 rime drakes
  2 kobold demonologists (D:7)
  7 komodo dragons
  A tengu conjurer (D:9)
  An unseen horror (D:11)
  5 trolls
  A polar bear (Lair:3)
  2 hornets
  2 tyrant leeches (Lair:5)
  33 blink frogs
  4 raiju (Abyss:3)
  5 slime creatures (D:12)
  Sigmund (D:4)
  A wraith (D:13)
  3 shadows
  A wyvern (D:8)
  42 yaks
  7 basilisks
  A steam dragon (Lair:3)
  A small abomination (Abyss:3)
  15 vampire mosquitoes
  4 wargs (D:12)
  7 nagas (Lair:3)
  An acid dragon (D:10)
  11 water moccasins
  Duvessa (D:5)
  A black bear (D:7)
  6 orc warriors
  5 ice beasts
  A sky beast (D:7)
  4 ogres
  21 wolves
  2 centaurs
  2 phantoms (D:7)
  5 kobold brigands
  Blork the orc (D:5)
  17 bullfrogs
  3 gnoll sergeants
  2 scorpions
  8 wights
  Dowan (D:5)
  15 killer bees
  A howler monkey (D:10)
  2 electric eels (Lair:5)
  5 hounds
  A jelly (D:5)
  12 orc priests
  Crazy Yiuf (D:5)
  7 iguanas
  14 orc wizards
  13 gnolls
  7 adders
  A shadow imp (D:5)
  2 white imps (D:5)
  An ufetubus (D:6)
  2 worms (D:2)
  4 dart slugs
  57 orcs
  6 ball pythons
  5 bats
  8 endoplasms
  7 giant cockroaches
  10 goblins
  10 hobgoblins
  2 jackals (D:2)
  13 kobolds
  3 quokkas
  11 frilled lizards
  6 rats
565 creatures vanquished.

Vanquished Creatures (collateral kills)
  A vampire (D:11)
  4 yaks (Lair:5)
  A howler monkey (D:7)
6 creatures vanquished.

Vanquished Creatures (others)
  2 raiju (Abyss:3)
  A small abomination (Abyss:3)
  An orc wizard (D:9)
  A bush (Lair:5)
  55 fungi
  141 plants
  A starspawn tentacle (Abyss:3)
202 creatures vanquished.

Grand Total: 773 creatures vanquished

Notes
Turn   | Place    | Note
-------+----------+-------------------------------------------
     0 | D:1      | KamiKatze the Gargoyle Berserker began the quest for the
                  | Orb.
     0 | D:1      | Reached XP level 1. HP: 14/14 MP: 1/1
   207 | D:1      | Reached skill level 3 in Axes
   276 | D:1      | Reached XP level 2. HP: 19/19 MP: 2/2
  1000 | D:1      | Reached XP level 3. HP: 20/24 MP: 3/3
  1326 | D:2      | Found Myip Lao's One-of-a-Kind Rings.
  1656 | D:2      | Reached XP level 4. HP: 29/29 MP: 4/4
  1658 | D:2      | Reached ** piety under Trog
  1659 | D:2      | Reached skill level 4 in Axes
  1916 | D:3      | Reached XP level 5. HP: 30/33 MP: 5/5
  1918 | D:3      | Reached skill level 5 in Axes
  2611 | D:4      | Noticed Sigmund
  2621 | D:4      | Reached XP level 6. HP: 38/38 MP: 6/6
  2627 | D:4      | Killed Sigmund
  2628 | D:4      | Reached skill level 6 in Axes
  2776 | D:4      | Noticed a water moccasin
  2792 | D:4      | Killed a water moccasin
  2793 | D:4      | Reached skill level 7 in Axes
  2793 | D:4      | Reached XP level 7. HP: 20/43 MP: 7/7
  2880 | D:4      | Found a sparkling altar of Nemelex Xobeh.
  2989 | D:4      | Found an ancient bone altar of Kikubaaqudgha.
  3159 | D:4      | Reached *** piety under Trog
  3159 | D:4      | Found a shimmering altar of Xom.
  3492 | D:5      | Entered Level 5 of the Dungeon
  3492 | D:5      | Found an opulent altar of Gozag.
  3565 | D:5      | Reached skill level 8 in Axes
  3626 | D:5      | Reached XP level 8. HP: 37/48 MP: 8/8
  3777 | D:5      | Found Pegion's Distillery.
  3783 | D:5      | Bought a potion of curing for 45 gold pieces
  3783 | D:5      | Bought a potion of degeneration for 15 gold pieces
  3796 | D:5      | Noticed Blork the orc
  3806 | D:5      | Killed Blork the orc
  3964 | D:5      | Found a stormy altar of Qazlal.
  3968 | D:5      | Found a blossoming altar of Fedhas.
  3983 | D:5      | Noticed Duvessa
  3983 | D:5      | Noticed Dowan
  4023 | D:5      | Killed Dowan
  4024 | D:5      | Reached skill level 9 in Axes
  4024 | D:5      | Killed Duvessa
  4098 | D:5      | Found a burning altar of Makhleb.
  4153 | D:5      | Found a runed translucent door.
  4154 | D:5      | Noticed Crazy Yiuf
  4161 | D:5      | Killed Crazy Yiuf
  4255 | D:5      | Found a basalt altar of Yredelemnul.
  4542 | D:6      | Reached skill level 10 in Axes
  4603 | D:6      | Reached skill level 1 in Evocations
  4603 | D:6      | Reached XP level 9. HP: 32/52 MP: 9/9
  4804 | D:6      | Found Jogeruhu's Magic Scroll Shop.
  4826 | D:6      | Bought a scroll of enchant armour for 112 gold pieces
  4826 | D:6      | Bought a scroll of enchant weapon for 112 gold pieces
  5034 | D:6      | Reached **** piety under Trog
  5159 | D:6      | Found a broken altar of Ashenzari.
  5197 | D:6      | Reached skill level 1 in Shields
  5392 | D:7      | Noticed a kobold demonologist
  5396 | D:7      | Noticed a kobold demonologist
  5444 | D:7      | Identified a scroll of acquirement
  5444 | D:7      | Acquired 855 gold pieces
  5540 | D:7      | Found a staircase to the Ecumenical Temple.
  5548 | Temple   | Entered the Ecumenical Temple
  5601 | D:7      | Noticed an ice devil
  5604 | D:7      | Killed a kobold demonologist
  5607 | D:7      | Reached skill level 5 in Fighting
  5609 | D:7      | Killed a kobold demonologist
  5613 | D:7      | Reached XP level 10. HP: 59/59 MP: 10/10
  5698 | D:7      | Found an ornate altar of the Wu Jian Council.
  5698 | D:7      | Found a shimmering blue altar of Sif Muna.
  5858 | D:7      | Found a flagged portal.
  6213 | D:7      | Reached skill level 11 in Axes
  7012 | D:8      | Reached skill level 5 in Shields
  7129 | D:8      | Found a staircase to the Lair.
  7145 | D:8      | Reached skill level 5 in Armour
  7320 | D:8      | Reached ***** piety under Trog
  8264 | D:9      | Reached XP level 11. HP: 66/66 MP: 11/11
  8745 | D:9      | Noticed a deep elf pyromancer
  8754 | D:9      | Killed a deep elf pyromancer
  8810 | D:9      | Noticed a purple ugly thing
  8832 | D:9      | Killed a purple ugly thing
  8913 | D:10     | Entered Level 10 of the Dungeon
  8959 | D:10     | Received a gift from Trog
  8998 | D:10     | Reached skill level 12 in Axes
  9101 | D:10     | Found Ixzev's Distillery.
  9130 | D:10     | Bought a potion of haste for 110 gold pieces
  9130 | D:10     | Bought a potion of might for 44 gold pieces
  9234 | D:10     | Found a snail-covered altar of Cheibriados.
  9236 | D:10     | Noticed a two-headed ogre
  9249 | D:10     | Killed a two-headed ogre
  9582 | D:10     | Found a white marble altar of Elyvilon.
  9582 | D:10     | Found a glowing silver altar of Zin.
  9582 | D:10     | Found a glowing golden altar of the Shining One.
  9828 | D:11     | Noticed a cyclops
  9841 | D:11     | Killed a cyclops
  9842 | D:11     | Reached skill level 5 in Dodging
 10132 | D:11     | Noticed a manticore
 10141 | D:11     | Killed a manticore
 10508 | Lair:1   | Entered Level 1 of the Lair of Beasts
 10548 | Lair:1   | Noticed a death yak
 10550 | Lair:1   | Noticed a death yak
 10562 | Lair:1   | Killed a death yak
 10563 | Lair:1   | Noticed a death yak
 10571 | Lair:1   | Killed a death yak
 10572 | Lair:1   | Reached XP level 12. HP: 47/73 MP: 12/12
 10576 | Lair:1   | Killed a death yak
 10638 | Lair:1   | Noticed a catoblepas
 10664 | Lair:1   | Noticed Gastronok
 10687 | Lair:1   | Killed Gastronok
 10688 | Lair:1   | Reached skill level 13 in Axes
 10763 | Lair:1   | Killed a catoblepas
 11007 | Lair:1   | Noticed a fire dragon
 11037 | Lair:1   | Killed a fire dragon
 11174 | Lair:1   | Noticed Fannar
 11188 | Lair:1   | Killed Fannar
 11319 | Lair:1   | Noticed a catoblepas
 11335 | Lair:1   | Killed a catoblepas
 11436 | Lair:1   | Found a runed translucent gate.
 11436 | Lair:1   | Found a runed translucent gate.
 11436 | Lair:1   | Found a runed translucent gate.
 11437 | Lair:1   | Noticed Goreval's ghost (journeyman DEFE)
 11529 | Lair:1   | Noticed Urug
 11542 | Lair:1   | Killed Urug
 11933 | Lair:2   | Noticed a catoblepas
 11934 | Lair:2   | Found a runed translucent gate.
 11934 | Lair:2   | Noticed a four-headed hydra
 11935 | Lair:2   | Found a runed translucent gate.
 11943 | Lair:2   | Noticed a five-headed hydra
 11947 | Lair:2   | Noticed Eitelfritz's ghost (journeyman MiGl)
 11985 | Lair:2   | Found a runed translucent gate.
 12004 | Lair:2   | Reached XP level 13. HP: 80/80 MP: 13/13
 12121 | Lair:2   | Reached skill level 14 in Axes
 12487 | Lair:2   | Found a staircase to the Shoals.
 12724 | Lair:2   | HP: 3/81 [five-headed hydra (7)]
 13396 | Lair:3   | Reached skill level 10 in Fighting
 14011 | Lair:3   | Found a staircase to the Snake Pit.
 14604 | Lair:4   | Received a gift from Trog
 14641 | Lair:4   | Reached skill level 10 in Armour
 14717 | Lair:3   | Reached skill level 15 in Axes
 15055 | Lair:4   | Gained mutation: Your large and strong wings let you fly.
                  | [Gargoyle growth]
 15055 | Lair:4   | Reached XP level 14. HP: 80/88 MP: 14/14
 15488 | Lair:5   | Entered Level 5 of the Lair of Beasts
 16049 | Lair:5   | Received a gift from Trog
 16449 | Lair:5   | Reached skill level 16 in Axes
 16814 | Lair:5   | Identified the +2 plate armour of Negation {rElec rC+
                  | Stlth+}
 16905 | Lair:5   | Found a staircase to the Slime Pits.
 17636 | D:9      | Noticed Maurice
 17649 | D:9      | Killed Maurice
 18583 | D:12     | Reached XP level 15. HP: 67/96 MP: 15/15
 18983 | D:12     | Found Saokhlar's Jewellery Shop.
 19100 | D:12     | Found Olasuf's Distillery.
 19164 | D:12     | Received a gift from Trog
 19272 | D:12     | Found a staircase to the Orcish Mines.
 19340 | Orc:1    | Entered Level 1 of the Orcish Mines
 19541 | Orc:1    | Noticed Harold
 20060 | D:13     | Noticed Rupert
 20130 | Abyss:3  | Cast into level 3 of the Abyss (Rupert)
 20208 | Abyss:3  | Noticed a tentacled starspawn
 20219 | Abyss:3  | Killed a tentacled starspawn
 20353 | Abyss:3  | Reached skill level 1 in Throwing
 20660 | Abyss:3  | Paralysed by accursed screaming for 1 turns
 20669 | Abyss:3  | Gained mutation: You are clumsy. (Dex -2) [a shining eye]
 20672 | Abyss:3  | Noticed a tentacled starspawn
 20675 | Abyss:3  | HP: 4/97 [starcursed mass (illusionary)/accursed screaming
                  | (12)]
 20677 | Abyss:3  | Gained mutation: Potions are less effective at restoring
                  | your health. [a shining eye]
 20678 | Abyss:3  | Paralysed by accursed screaming for 1 turns
 20679 | Abyss:3  | Gained mutation: Your magical capacity is low. (-10% MP) [a
                  | shining eye]
 20681 | Abyss:3  | HP: 2/145 [starcursed mass (illusionary)/accursed screaming
                  | (8)]
 20682 | Abyss:3  | Mangled by a large abomination

Illustrated notes

Levels and vault maps discovered:
D:1:      dpeg_arrival_orchard, layout_basic
D:2:      layout_basic, nicolae_shop_unique_rings, corner_web_ring, st_stairs_3,
          kennysheep_generic_room_15
D:3:      layout_basic, minmay_crystal_water, columned_hall_lemuel
D:4:      layout_basic, nicolae_overflow_crystal_walls, tgw_xom,
          nemelex_spade_bored_becter, uniq_sigmund
D:5:      layout_rooms, grunt_temple_overflow_forces_of_nature,
          mainiacjoe_overflow_brackets, mainiacjoe_overflow_alcove_4,
          makhleb_blood_cavern_becter, serial_shops, nicolae_stop_n_shop_1,
          minmay_fractal_squares_diagonal_5, uniq_crazy_yiuf_cottage,
          uniq_duvessa, uniq_blork_the_orc
D:6:      layout_gridville, mainiacjoe_overflow_cross_hatched, serial_shops,
          shop, chequers_serial_rivers_micro_c, moated_statue,
          minmay_misc_feat_square, minmay_lizard_king
D:7:      layout_loops_corners, gammafunk_temple_overflow_wave,
          minmay_temple_entry_statues_pillars, enter_bailey_7,
          serial_park_tiny_1
D:8:      layout_loops_ring, lair_entry_dummy, nrook_uturn
D:9:      layout_cave_pools, minmay_evil_grid, uniq_maurice
D:10:     layout_roguey, good_gods_mini_temple,
          mainiacjoe_overflow_surrounded_room, serial_shops, shop
D:11:     layout_loops_ring
D:12:     minmay_bloctagon_deflated, layout_basic, minmay_orc_entry_guard_dogs,
          serial_shops, nicolae_shop_waterfront, nicolae_shop_hallway_plus
D:13:     layout_loops_ring, erik_vaults_2, uniq_kirke, uniq_rupert,
          uniq_josephine
Temple:   nicolae_temple_great_sept
Lair:1:   dragon1_lemuel, layout_misc_corridors, gammafunk_ghost_necromancy,
          nicolae_lair_grazing_beasts [nicolae_sub_lair_graze_edge,
          nicolae_sub_lair_graze_edge, nicolae_sub_lair_graze_edge,
          nicolae_sub_lair_graze_edge], uniq_urug, uniq_gastronok, uniq_fannar
Lair:2:   layout_hall_layers, minmay_shoals_entry_lonely_mermaid,
          gammafunk_ghost_split, grunt_megastairs_2, infiniplex_staircase_pool_2
Lair:3:   layout_gridlike, minmay_snake_entry_guardpost_medium
Lair:4:   layout_regular_city, grunt_forest_large_clearings
Lair:5:   minmay_lair_end_frog_pond, layout_small_grid, slime_entry_1
Orc:1:    layout_caves, uniq_erolcha, uniq_harold
Abyss:3:  base:
D:2

Skill      XL: |  1  2  3  4  5  6  7  8  9 10 11 12 13 14 15 |
---------------+----------------------------------------------+-----
Axes           | 3 4 5 7 8 10 11 12 13 15 16 | 16.9
Fighting       | 4 5 6 8 9 10 12 | 12.6
Evocations     | 1 3 |  3.0
Dodging        | 3 4 5 6 7 8 9 |  9.4
Armour         | 4 5 7 8 10 11 12 | 12.2
Shields        | 3 6 7 |  7.5
Throwing       | 1 |  1.1

Action                   |  1- 3 |  4- 6 |  7- 9 | 10-12 | 13-15 || total
-------------------------+-------+-------+-------+-------+-------++-------
Melee: Hand axe          |    81 |    41 |   112 |    26 |       ||   260
       War axe           |    35 |    47 |   116 |   331 |       ||   529
       Punch             |       |       |     3 |     1 |     4 ||     8
       Broad axe         |       |       |       |   143 |   800 ||   943
       Dire flail        |       |       |       |       |    11 ||    11
       Executioner's axe |       |       |       |       |    20 ||    20
Throw: Dart              |       |       |       |     4 |    17 ||    21
Invok: Berserk           |     2 |     2 |     8 |    13 |     4 ||    29
       Trog's Hand       |       |     1 |       |     5 |     3 ||     9
       Brothers in Arms  |       |       |       |     2 |       ||     2
Evoke: Tin of tremorston |       |       |       |       |     1 ||     1
  Use: Scroll            |       |     1 |    11 |     6 |     7 ||    25
       Potion            |       |       |       |     1 |     5 ||     6
 Stab: Petrified         |       |       |       |     4 |       ||     4
Armor: Leather armour    |    26 |       |       |       |       ||    26
       Animal skin       |     1 |       |       |       |       ||     1
       Scale mail        |    24 |    35 |   106 |   197 |       ||   362
       Ring mail         |       |       |       |    92 |   297 ||   389
       Plate armour      |       |       |       |       |   234 ||   234
Dodge: Dodged            |    64 |    47 |   117 |   247 |   403 ||   878
Block: Buckler           |       |       |     5 |    74 |    46 ||   125
